 Dungeon Crawl Stone Soup version 0.24.1 (webtiles) character file.

Game seed: 13426837425206554043, levelgen mode: deterministic

17301 Destapler the Protected (level 12, -4/100 HPs)
             Began as a Minotaur Hunter on Mar 28, 2020.
             Was a High Priest of Dithmenos.
             Slain by an unseen horror (8 damage)
             ... on level 10 of the Dungeon.
             The game lasted 00:47:41 (10214 turns).

Destapler the Protected (Minotaur Hunter)          Turns: 10214, Time: 00:47:41

Health: -4/100     AC:  4    Str: 21    XL:     12   Next: 17%
Magic:  18/18      EV: 16    Int:  8    God:    Dithmenos [*****.]
Gold:   567        SH:  3    Dex: 15    Spells: 11/11 levels left

rFire    . . .     SeeInvis .   a - +4 whip (vamp)
rCold    . . .     Gourm    .   (no shield)
rNeg     . . .     Faith    .   (no armour)
rPois    .         Spirit   .   (helmet restricted)
rElec    .         Reflect  +   (no cloak)
rCorr    .         Harm     .   m - +0 pair of gloves
MR       .....                  q - +1 pair of boots
Stlth    +++.......             T - +3 amulet of reflection
HPRegen  0.26/turn              Q - +3 ring of strength
MPRegen  0.16/turn              (no ring)

@: hasted, wreathed by umbra, very quick
A: retaliatory headbutt, horns 2
a: Shadow Step, Shadow Form, Renounce Religion


You were on level 10 of the Dungeon.
You worshipped Dithmenos.
Dithmenos was extremely pleased with you.
You were hungry.

You visited 2 branches of the dungeon, and saw 14 of its levels.

You collected 828 gold pieces.
You spent 261 gold pieces at shops.

Inventory:

Hand Weapons
 a - a +4 vampiric whip (weapon)
Missiles
 c - 6 javelins
 d - 2 throwing nets
 w - 10 boomerangs (quivered)
 P - 3 silver boomerangs
 S - 7 atropa-tipped darts
Armour
 b - a +2 chain mail of magic resistance
 m - a +0 pair of gloves (worn)
 q - a +1 pair of boots (worn)
Jewellery
 g - an uncursed ring of protection from fire
 h - an uncursed ring of resist corrosion
 E - an uncursed amulet of guardian spirit
 N - an uncursed ring of positive energy
 Q - a +3 ring of strength (left hand)
 T - a +3 amulet of reflection (around neck)
Wands
 k - a wand of flame (21)
 n - a wand of acid (17)
 p - a wand of enslavement (7)
 u - a wand of clouds (5)
 B - a wand of digging (9)
 C - a wand of iceblast (19)
 F - a wand of scattershot (2)
 I - a wand of paralysis (16)
 U - a wand of random effects (18)
Scrolls
 j - 3 scrolls of fog {unknown}
 r - 7 scrolls of remove curse
 s - 3 scrolls of identify
 t - 8 scrolls of teleportation {unknown}
 y - a scroll of blinking {unknown}
 z - a scroll of magic mapping {unknown}
 A - a scroll of fear
 K - a scroll of torment {unknown}
 L - a scroll of brand weapon {unknown}
 O - a scroll of vulnerability {unknown}
 R - a scroll of enchant armour
Potions
 e - 4 potions of brilliance
 i - 2 potions of lignification
 l - 2 potions of curing
 o - a potion of mutation
 v - 2 potions of haste
 x - 2 potions of invisibility
 G - 2 potions of degeneration
 H - a potion of flight
 J - a potion of berserk rage
 M - 4 potions of agility
Comestibles
 f - 27 rations


   Skills:
 + Level 7.5 Fighting
 + Level 12.2 Maces & Flails
 - Level 4.0 Throwing
 - Level 12.4 Armour
 + Level 7.0 Dodging
 + Level 1.8 Stealth
 + Level 9.3 Invocations
 + Level 3.9 Evocations


You had 11 spell levels left.
You didn't know any spells.
Your spell library contained the following spells:

 Spells                   Type           Power        Failure   Level  Hunger
 Animate Skeleton         Necr           N/A          41%         1    ##.....
 Apportation              Tloc           #.....       41%         1    ##.....
 Confusing Touch          Hex            #.....       41%         1    ##.....
 Summon Small Mammal      Summ           #...         41%         1    ##.....


Dungeon Overview and Level Annotations

Branches:
Dungeon (13/15)            Temple (1/1) D:4             Orc (0/2) D:10
   Lair: D:8-11      Vaults: D:13-14

Altars:
Ashenzari
Cheibriados
Dithmenos
Elyvilon
Fedhas
Gozag
Hepliaklqana
Kikubaaqudgha
Makhleb
Nemelex Xobeh
Okawaru
Qazlal
Ru
Sif Muna
Trog
Uskayaw
Vehumet
Wu Jian
Xom
Yredelemnul
Zin
The Shining One

Shops:
D:7 *   D:8 =

Annotations:
D:8 2 runed translucent doors


Innate Abilities, Weirdness & Mutations

You reflexively headbutt those who attack you in melee.
You have a pair of horns on your head.


Message History

Something closely misses you. Something hits you.
* * * LOW HITPOINT WARNING * * *
You see here 27 stones.
You block something's attack. Something hits you.
* * * LOW HITPOINT WARNING * * *
Something hits you!
* * * LOW HITPOINT WARNING * * *
You closely miss something. Something hits you.
* * * LOW HITPOINT WARNING * * *
You feel yourself speed up.
You are feeling hungry.
Something barely misses you. Something hits you but does no damage.
Something hits you.
* * * LOW HITPOINT WARNING * * *
Something hits you but does no damage. Something completely misses you.
Something hits you!
You die...

.## #..... ..####### #.....
........### ############)....
######....#######.........)))####
.# ##.#....[...(...(######## .#
#......##..####......... .#
#####.....## ########## .#
........#.######## ..
#########...@....# .##
########...# .# # . . .. .##...
#.....## ###....
#.....##.##.##.##..
..........#.#...... .##
#..<...#.##.##.#...


There were no monsters in sight!

Vanquished Creatures
  2 hydras
  A centaur warrior (D:8)
  2 two-headed ogres (D:8)
  A skeletal warrior (D:10)
  Pikel (D:5)
  2 deep elf magi
  2 cyclopes
  A gargoyle (D:10)
  A kobold demonologist (D:8)
  A komodo dragon (D:10)
  A troll (D:9)
  A hippogriff (D:8)
  2 hornets
  A slime creature (D:8)
  A spriggan (D:10)
  8 humans
  9 yaks
  2 wyverns
  A vampire mosquito (D:8)
  3 hungry ghosts (D:8)
  4 ice beasts
  3 sky beasts
  3 orc warriors
  4 slaves (D:5)
  2 ogres (D:8)
  3 phantoms
  3 black bears
  A necrophage (D:10)
  12 centaurs
  10 bullfrogs
  3 big kobolds
  4 scorpions
  A killer bee (D:8)
  17 wights
  2 howler monkeys (D:7)
  3 crimson imps
  4 centaur zombies
  6 hounds
  4 bullfrog skeletons
  2 centaur skeletons (D:10)
  5 orc priests
  2 jellies
  9 orc wizards
  2 iguanas
  7 worker ants
  A killer bee zombie (D:9)
  A worker ant zombie (D:8)
  A howler monkey zombie (D:5)
  A gnoll (D:1)
  10 adders
  A shadow imp (D:6)
  2 oozes
  2 worms
  A dart slug (D:2)
  10 leopard geckos
  39 orcs
  13 bats
  6 giant cockroaches
  11 goblins
  5 hobgoblins
  17 jackals
  5 quokkas
  3 ball pythons
  5 frilled lizards
  23 kobolds
  A quokka zombie (D:8)
  5 rats
322 creatures vanquished.

Vanquished Creatures (others)
  An unseen horror (D:8)
  12 plants (D:10)
13 creatures vanquished.

Grand Total: 335 creatures vanquished

Notes
Turn   | Place    | Note
-------+----------+-------------------------------------------
     0 | D:1      | Destapler the Minotaur Hunter began the quest for the Orb.
     0 | D:1      | Reached XP level 1. HP: 18/18 MP: 0/0
   111 | D:1      | Reached skill level 1 in Armour
   111 | D:1      | Reached XP level 2. HP: 25/25 MP: 1/1
   602 | D:1      | Reached XP level 3. HP: 29/31 MP: 2/2
  1098 | D:2      | Noticed a bullfrog
  1105 | D:2      | Killed a bullfrog
  1105 | D:2      | Reached skill level 1 in Maces & Flails
  1105 | D:2      | Reached XP level 4. HP: 25/40 MP: 3/3
  1362 | D:2      | Reached XP level 5. HP: 46/46 MP: 4/4
  2081 | D:3      | Found a shimmering blue altar of Sif Muna.
  2561 | D:4      | Reached skill level 1 in Evocations
  2725 | D:4      | Found a white marble altar of Elyvilon.
  2727 | D:4      | Found a basalt altar of Yredelemnul.
  2739 | D:4      | Reached XP level 6. HP: 42/52 MP: 6/6
  2744 | D:4      | Found a radiant altar of Vehumet.
  3318 | D:4      | Found a staircase to the Ecumenical Temple.
  3368 | Temple   | Entered the Ecumenical Temple
  3446 | Temple   | Became a worshipper of Dithmenos the Shadowed
  3666 | D:5      | Entered Level 5 of the Dungeon
  3767 | D:5      | Noticed a sky beast
  3793 | D:5      | Killed a sky beast
  3922 | D:5      | Reached XP level 7. HP: 43/60 MP: 7/7
  3961 | D:5      | Reached skill level 5 in Fighting
  4292 | D:5      | Reached skill level 5 in Dodging
  4485 | D:5      | Noticed Pikel
  4502 | D:5      | Killed Pikel
  4502 | D:5      | Reached skill level 5 in Armour
  4502 | D:5      | Reached XP level 8. HP: 54/70 MP: 9/9
  4650 | D:5      | Reached skill level 5 in Maces & Flails
  4907 | D:6      | Reached * piety under Dithmenos
  5089 | D:6      | Found a stormy altar of Qazlal.
  5298 | D:7      | Found Ycoisute's Assorted Antiques.
  5332 | D:7      | Bought a white potion for 20 gold pieces
  5332 | D:7      | Bought a runed chain mail for 172 gold pieces
  5332 | D:7      | Bought a scroll labeled BANIAPAPRE for 23 gold pieces
  5332 | D:7      | Bought a wand of paralysis (10) for 46 gold pieces
  5438 | D:7      | Reached XP level 9. HP: 74/79 MP: 10/10
  5588 | D:7      | Reached skill level 1 in Invocations
  5665 | D:7      | Found a bloodstained altar of Trog.
  5979 | D:7      | Reached ** piety under Dithmenos
  6451 | D:8      | Reached XP level 10. HP: 47/86 MP: 11/11
  6463 | D:8      | Found a runed translucent door.
  6464 | D:8      | Noticed a two-headed ogre
  6467 | D:8      | Noticed a cyclops
  6469 | D:8      | Found a runed translucent door.
  6469 | D:8      | Found a runed translucent door.
  6481 | D:8      | Found Uxkeplub's Jewellery Shop.
  6550 | D:8      | Found a sparkling altar of Nemelex Xobeh.
  6770 | D:8      | Reached *** piety under Dithmenos
  6774 | D:8      | Noticed a two-headed ogre
  6778 | D:8      | You fall into a shaft and drop 3 floors!
  6801 | D:10     | Entered Level 10 of the Dungeon
  6807 | D:10     | Reached skill level 10 in Maces & Flails
  6835 | D:10     | Noticed a skeletal warrior
  6838 | D:10     | You fall into a shaft and drop 3 floors!
  6992 | D:13     | Reached skill level 5 in Invocations
  7059 | D:13     | Noticed a six-headed hydra
  7076 | D:13     | Killed a six-headed hydra
  7136 | D:13     | Noticed a cyclops
  7151 | D:12     | Noticed a deep elf mage
  7166 | D:12     | Killed a deep elf mage
  7226 | D:12     | Noticed a two-headed ogre
  7241 | D:12     | Noticed a seven-headed hydra
  7243 | D:12     | Noticed a two-headed ogre
  7268 | D:11     | Reached XP level 11. HP: 38/92 MP: 6/14
  7580 | D:9      | Found an ancient bone altar of Kikubaaqudgha.
  7661 | D:8      | Reached skill level 10 in Armour
  7697 | D:8      | Reached **** piety under Dithmenos
  7770 | D:8      | Noticed a centaur warrior
  7803 | D:8      | Killed an unseen horror
  7832 | D:8      | Killed a centaur warrior
  8122 | D:8      | Killed a two-headed ogre
  8213 | D:8      | Killed a two-headed ogre
  8376 | D:8      | Found Uxkeplub's Jewellery Shop.
  8386 | D:8      | Found a runed translucent door.
  8422 | D:8      | Found a sparkling altar of Nemelex Xobeh.
  8725 | D:8      | Found a runed translucent door.
  9051 | D:9      | Reached ***** piety under Dithmenos
  9203 | D:9      | Noticed a five-headed hydra
  9212 | D:9      | Killed a five-headed hydra
  9521 | D:10     | Found a staircase to the Orcish Mines.
  9553 | D:10     | Killed a skeletal warrior
  9553 | D:10     | Reached skill level 1 in Stealth
  9553 | D:10     | Reached XP level 12. HP: 53/100 MP: 17/17
 10212 | D:10     | HP: 4/100 [something (4)]
 10214 | D:10     | Slain by an unseen horror

Levels and vault maps discovered:
D:1:      dpeg_arrival_tiny_j, layout_basic, skrybe_limestone_x
D:2:      minmay_skewed_foursquare, layout_rooms, st_stairs_4
D:3:      layout_basic, lemuel_coloured_pillars_altar, first_ration
D:4:      layout_gridville, grunt_temple_overflow_open,
          minmay_temple_entry_proselytizer
D:5:      layout_basic, minivault_14, uniq_pikel
D:6:      layout_basic, lemuel_doored_altar
D:7:      layout_gridville, trog_ov_bears_minmay, serial_shops, shop,
          minmay_ruffians
D:8:      minmay_the_grid_four_pointed_star
          [minmay_the_grid_triangle_9x9_semitri,
          minmay_the_grid_triangle_9x9_alien,
          minmay_the_grid_triangle_9x9_intruding_spiral,
          minmay_the_grid_triangle_9x9_fully_insulated_deathbox,
          minmay_the_grid_prize_big_room], layout_rooms, nemelex_altar_shiori,
          serial_shops, shop
D:9:      layout_long_grid, kiku_gazebo_garden_becter
D:10:     layout_rooms, david_lair_shrubbed, orc_0_dummy, hangedman_stone_soup,
          minmay_fractal_squares_gapless_7
D:11:     layout_roguey
D:12:     layout_basic, uniq_snorg, uniq_azrael
D:13:     layout_loops_ring, grunt_vaults_entry_tiered,
          minmay_misc_feat_nine_boxes
Temple:   eino_temple_lava

Skill      XL: |  1  2  3  4  5  6  7  8  9 10 11 12 |
---------------+-------------------------------------+-----
Armour         | 1 2 3 4 5 6 8 9 12 | 12.4
Fighting       | 3 4 6 7 |  7.5
Dodging        | 3 4 5 6 7 |  7.0
Maces & Flails | 1 2 3 4 6 9 11 12 | 12.2
Evocations     | 1 2 3 |  3.9
Invocations    | 3 5 9 |  9.3
Stealth        | 1 |  1.8
Throwing       | |  4.0

Action                   |  1- 3 |  4- 6 |  7- 9 | 10-12 || total
-------------------------+-------+-------+-------+-------++-------
Melee: Short sword       |     8 |       |       |       ||     8
       Dagger            |    58 |       |       |       ||    58
       Headbutt          |    11 |    29 |   104 |   196 ||   340
       Whip              |    11 |   158 |   428 |   822 ||  1419
Throw: Boomerang         |       |       |    17 |    24 ||    41
       Javelin           |       |       |     2 |       ||     2
       Throwing net      |       |       |       |     2 ||     2
Invok: Shadow Step       |       |       |       |     1 ||     1
Evoke: Wand              |       |       |     1 |     3 ||     4
  Use: Scroll            |       |     7 |     4 |     6 ||    17
       Potion            |       |     2 |     3 |     9 ||    14
 Stab: Sleeping          |     1 |       |       |       ||     1
       Distracted        |       |       |     1 |       ||     1
       Held in net/web   |       |       |       |     3 ||     3
  Eat: Chunk             |     1 |     9 |     8 |    16 ||    34
       Ration            |       |       |       |     1 ||     1
Armor: Leather armour    |    29 |    13 |       |       ||    42
       Robe              |       |    46 |    29 |       ||    75
       Chain mail        |       |       |   115 |   283 ||   398
       Skin              |       |       |       |     6 ||     6
Dodge: Dodged            |    85 |   119 |   276 |   330 ||   810
Block: Other             |       |       |       |     4 ||     4
